 Dungeon Crawl Stone Soup version 0.24.0-7-gb3623d2c88 (webtiles) character file.

Game seed: 17555140812441164954, levelgen mode: deterministic

35281 MirrMurr the Ripper (level 13, -3/96 HPs)
             Began as a Felid Berserker on Nov 1, 2019.
             Was the Champion of Trog.
             Slain by a very large slime creature (39 damage)
             ... on level 15 of the Dungeon on Nov 2, 2019.
             The game lasted 00:49:39 (24368 turns).

MirrMurr the Ripper (Felid Berserker)              Turns: 24368, Time: 00:49:39

Health: -3/96      AC:  6    Str: 22    XL:     13   Next: 46%
Magic:  0/21       EV: 31    Int:  9    God:    Trog [******]
Gold:   1424       SH:  0    Dex: 16    Spells: 12/12 levels left
                                        Lives:  0   Deaths: 3

rFire    . . .     SeeInvis +     - Unarmed
rCold    + . .     Gourm    .   (shield unavailable)
rNeg     + . .     Faith    .   (armour unavailable)
rPois    +         Spirit   +   (helmet unavailable)
rElec    .         Reflect  .   (cloak unavailable)
rCorr    .         Harm     .   (gloves unavailable)
MR       +....                  (boots unavailable)
Stlth    ..........             z - amulet of guardian spirit
HPRegen  0.26/turn              h - +3 ring of protection
MPRegen  0.17/turn              m - ring of Taergheak {rPois rN+}

@: berserking, very quick
A: very small, no armour, no weapons or thrown items, stealth, claws 1, fangs 3,
see invisible, carnivore, speed 1, shaggy fur 3, slow metabolism 1, sharp paws
a: Berserk, Trog's Hand, Brothers in Arms, Renounce Religion


You were on level 15 of the Dungeon.
You worshipped Trog.
Trog was exalted by your worship.
You were completely stuffed.

You visited 3 branches of the dungeon, and saw 22 of its levels.

You collected 1424 gold pieces.

Inventory:

Jewellery
 b - an uncursed ring of resist corrosion
 h - a +3 ring of protection (left paw)
 j - an uncursed amulet of regeneration
 l - an uncursed ring of ice
 m - the ring of Taergheak (right paw) {rPois rN+}
   (You found it on level 4 of the Dungeon)

   [ring of poison resistance]

   It protects you from poison.
   It protects you from negative energy.
 z - an amulet of guardian spirit (around neck)
Wands
 k - a wand of random effects (43)
 n - a wand of flame (95)
 q - a wand of paralysis (7)
 t - a wand of acid (15)
 w - a wand of polymorph (13)
 y - a wand of iceblast (25)
 A - a wand of disintegration (29)
Scrolls
 d - 4 scrolls of teleportation
 i - 4 scrolls of identify
 r - 10 scrolls of remove curse
 s - 3 scrolls of fog
 v - 2 scrolls of fear
 x - 3 scrolls of magic mapping
 B - 2 scrolls of blinking
 G - a scroll of summoning
Potions
 e - 2 potions of haste
 f - a potion of ambrosia
 g - 2 potions of cancellation
 o - 10 potions of curing
 p - 3 potions of heal wounds
 u - 2 potions of agility
 D - a potion of flight
 E - a potion of lignification
 F - a potion of might
Miscellaneous
 c - 2 boxes of beasts
Comestibles
 a - 37 rations
 C - a chunk of flesh


   Skills:
 + Level 12.1 Fighting
 + Level 15.2 Dodging
 + Level 15.8 Stealth
 * Level 16.2 Unarmed Combat
 - Level 10.1 Evocations


You had 12 spell levels left.
You didn't know any spells.
Your spell library was empty.

Dungeon Overview and Level Annotations

Branches:
Dungeon (15/15)            Temple (1/1) D:7            Lair (6/6) D:9
  Swamp (0/4) Lair:2       Spider (0/4) Lair:3          Orc (0/2) D:11
 Vaults (0/5) D:14
  Slime: Lair:5-6    Depths: D:15

Altars:
Ashenzari
Cheibriados
Dithmenos
Elyvilon
Fedhas
Gozag
Hepliaklqana
Kikubaaqudgha
Makhleb
Nemelex Xobeh
Okawaru
Qazlal
Ru
Sif Muna
Trog
Uskayaw
Vehumet
Wu Jian
Xom
Yredelemnul
Zin
The Shining One

Shops:
D:9 [   D:12 %

Annotations:
D:7 exclusion: moth of wrath
D:8 2 transporters, losten's ghost, novice DsBe
D:10 3 runed translucent doors, thelollipopguild's ghost, journeyman TrFi
Lair:1 3 runed translucent doors, Ceckukk's ghost, journeyman GrEE; Mokkuy's ghost, journeyman HuWn
Lair:3 exclusion: oklob plant
Lair:5 exclusion: oklob plant
Lair:6 hellmouth, exclusions: door and oklob plant


Innate Abilities, Weirdness & Mutations

You cannot wear armour.
You are incapable of wielding weapons or throwing items.
Your paws allow you to move quietly. (Stealth)
You have sharp claws.
You have razor-sharp teeth.
You have supernaturally acute eyesight. (SInv)
You are carnivorous and can eat meat at any time.
You cover ground quickly.
Your thick and shaggy fur keeps you warm. (AC +3, rC+)
You have a slow metabolism.
Your sharp claws are effective at attacking unaware monsters.


Message History

You mangle the very large slime creature!!
You bite the very large slime creature.
The very large slime creature is heavily wounded.
You scratch the very large slime creature.
The very large slime creature is heavily wounded.
The very large slime creature hits you!!!
Ouch! That really hurt!
You are too injured to fight recklessly!
You are too injured to fight recklessly!
You are too injured to fight recklessly!
A red film seems to cover your vision as you go berserk!
You feel yourself moving faster!
You feel mighty!
You feel quite a bit less full.
The very large slime creature barely misses you.
You claw the very large slime creature!
The very large slime creature is severely wounded.
You mangle the very large slime creature!!
The very large slime creature is severely wounded.
The very large slime creature hits you!!!
You die...

..## #...... ..# #......
##.## #......
##...###### #......
#..†..#...# #......
#..†..#...# #......
##.m.##...# #......
##J##....# #......
######@#.....# #......
..............####......
........................
.######.................
#........###......
#..).....# #..##.÷
#........# #..##..
#.....)..# #..##..
#........# #..##..


You could see a very large slime creature and a merfolk shaped shifter.

Vanquished Creatures
  Rupert (Lair:4)
  A sphinx (D:14)
  A tengu reaver (D:14)
  Azrael (D:13)
  Josephine (Lair:5)
  A rakshasa (D:13)
  4 vault guards (D:14)
  6 hydras
  A centaur warrior (D:14)
  A catoblepas (Lair:6)
  4 two-headed ogres
  11 death yaks (Lair:6)
  2 tengu warriors (D:13)
  A deep elf knight (D:12)
  Sonja (Lair:5)
  3 unseen horrors
  A wizard (Lair:6)
  A deep elf archer (D:12)
  A lindwurm (Lair:6)
  2 manticores (D:13)
  5 deep elf magi
  5 cyclopes
  9 ugly things
  Maurice (D:13)
  2 centaur zombies (D:12)
  5 elephants (Lair:6)
  4 black mambas
  Psyche (D:12)
  Joseph (D:10)
  4 gargoyles
  14 spiny frogs
  6 rime drakes
  2 kobold demonologists (D:14)
  4 yaktaurs
  10 komodo dragons
  4 trolls
  3 hornets
  7 slime creatures
  6 dream sheep
  8 blink frogs (Lair:6)
  A raiju (shapeshifter) (D:15)
  A meliai zombie (D:10)
  9 hippogriffs
  A redback (Lair:3)
  A spriggan (shapeshifter) (D:15)
  A centaur simulacrum (D:14)
  A shadow (D:13)
  3 wyverns
  Sigmund (D:5)
  A spriggan (D:8)
  A fire elemental (D:13)
  A water elemental (D:11)
  8 wraiths
  24 yaks
  4 hungry ghosts
  5 basilisks
  A steam dragon (D:11)
  3 wargs
  2 acid dragons
  6 porcupines
  A soldier ant (D:14)
  6 hell hounds
  13 water moccasins
  4 orc warriors
  An eye of draining (D:12)
  2 ice beasts (D:10)
  A black bear (D:7)
  4 ogres
  5 sky beasts
  4 necrophages (D:14)
  5 phantoms
  32 wolves
  10 centaurs
  14 crocodiles
  3 big kobolds
  24 bullfrogs
  An elf zombie (D:14)
  An elf skeleton (D:14)
  A wyvern skeleton (D:14)
  11 scorpions
  6 killer bees
  A wight (D:14)
  2 howler monkeys
  An electric eel (D:11)
  5 crimson imps
  A quasit (D:13)
  6 hounds
  2 bullfrog skeletons
  2 jellies
  2 human zombies (D:14)
  8 orc priests
  2 bullfrog zombies
  A human skeleton (D:14)
  6 centaur skeletons
  A gnoll shaman (D:9)
  Jessica (D:3)
  3 iguanas
  Ijyb (D:3)
  Natasha (thrice) (D:3)
  A hell rat (Lair:6)
  17 orc wizards
  8 worker ants
  A hound zombie (D:6)
  2 mummies (D:14)
  3 hound skeletons
  3 worker ant zombies
  2 howler monkey skeletons
  11 gnolls
  10 adders
  3 shadow imps
  3 oozes
  2 adder skeletons (D:4)
  A worm (D:2)
  A dart slug (D:3)
  A leopard gecko (D:3)
  49 orcs
  7 bats
  3 giant cockroaches
  6 goblins
  6 hobgoblins
  16 jackals
  3 quokkas
  2 frilled lizards (D:1)
  9 kobolds
  An orc zombie (D:14)
  4 rats
  2 fungi (Lair:6)
595 creatures vanquished.

Vanquished Creatures (others)
  A bush (Lair:6)
  16 fungi
  8 plants
  A withered plant (Lair:1)
26 creatures vanquished.

Grand Total: 621 creatures vanquished

Notes
Turn   | Place    | Note
-------+----------+-------------------------------------------
     0 | D:1      | MirrMurr the Felid Berserker began the quest for the Orb.
     0 | D:1      | Reached XP level 1. HP: 10/10 MP: 2/2
   400 | D:1      | Reached XP level 2. HP: 14/14 MP: 3/3
   425 | D:1      | Reached skill level 1 in Stealth
   839 | D:2      | Reached XP level 3. HP: 17/17 MP: 4/4
  1009 | D:2      | Reached ** piety under Trog
  1142 | D:3      | Reached XP level 4. HP: 21/21 MP: 5/5
  1223 | D:3      | Reached skill level 4 in Unarmed Combat
  1376 | D:3      | Noticed Natasha
  1394 | D:3      | Killed Natasha
  1405 | D:3      | Noticed Jessica
  1408 | D:3      | Killed Jessica
  1408 | D:3      | Reached XP level 5. HP: 15/25 MP: 6/6
  1418 | D:3      | HP: 1/25 [orc/+0 war axe (13)]
  1499 | D:3      | Reached skill level 5 in Dodging
  1807 | D:3      | Noticed Natasha
  1820 | D:3      | Killed Natasha
  2156 | D:3      | Gained mutation: You are covered in thick fur. (AC +2)
                  | [Felid growth]
  2156 | D:3      | Reached XP level 6. HP: 19/28 MP: 7/7
  2335 | D:3      | Noticed Ijyb
  2348 | D:3      | Killed Ijyb
  2348 | D:3      | Reached skill level 5 in Unarmed Combat
  2366 | D:3      | Noticed Natasha
  2787 | D:3      | Killed Natasha
  3295 | D:4      | Got a vibrating brass ring
  3521 | D:4      | Reached *** piety under Trog
  3521 | D:4      | Reached XP level 7. HP: 28/33 MP: 8/8
  3526 | D:4      | Identified the ring of Taergheak {rPois rN+} (You found it
                  | on level 4 of the Dungeon)
  3710 | D:5      | Entered Level 5 of the Dungeon
  3710 | D:5      | Noticed Sigmund
  3721 | D:5      | Killed Sigmund
  3721 | D:5      | Reached skill level 6 in Unarmed Combat
  3765 | D:5      | Reached skill level 5 in Stealth
  3852 | D:5      | Found an opulent altar of Gozag.
  4081 | D:5      | Reached skill level 5 in Fighting
  4201 | D:6      | Identified a scroll of acquirement
  4250 | D:6      | Reached XP level 8. HP: 37/37 MP: 9/9
  4754 | D:6      | Reached skill level 7 in Unarmed Combat
  5018 | D:7      | Noticed a moth of wrath
  5021 | D:7      | Found a bloodstained altar of Trog.
  5204 | D:7      | Reached skill level 8 in Unarmed Combat
  5229 | D:7      | Found a staircase to the Ecumenical Temple.
  5240 | D:7      | Reached **** piety under Trog
  5245 | Temple   | Entered the Ecumenical Temple
  5411 | D:7      | Reached XP level 9. HP: 22/41 MP: 10/10
  6216 | D:8      | Found a transporter.
  6216 | D:8      | Noticed losten's ghost (novice DsBe)
  6331 | D:8      | Noticed a two-headed ogre
  6335 | D:8      | Killed a two-headed ogre
  6335 | D:8      | Reached skill level 9 in Unarmed Combat
  6779 | D:8      | Found a transporter.
  7207 | D:8      | Reached XP level 10. HP: 47/47 MP: 12/12
  7262 | D:9      | Found a burning altar of Makhleb.
  7263 | D:9      | Noticed an Executioner
  7823 | D:9      | Found a staircase to the Lair.
  7940 | D:9      | Found Dagh's Armour Shoppe.
  8035 | D:9      | Reached ***** piety under Trog
  8214 | D:10     | Entered Level 10 of the Dungeon
  8214 | D:10     | Found a runed translucent gate.
  8214 | D:10     | Found a runed translucent gate.
  8227 | D:10     | Noticed Joseph
  8229 | D:10     | Killed Joseph
  8229 | D:10     | Reached skill level 10 in Unarmed Combat
  8239 | D:10     | Found a runed translucent gate.
  8602 | D:10     | Noticed thelollipopguild's ghost (journeyman TrFi)
  8765 | D:10     | Noticed a two-headed ogre
  8769 | D:10     | Killed a two-headed ogre
  8769 | D:10     | Reached skill level 10 in Dodging
  9429 | D:11     | Reached skill level 10 in Stealth
  9456 | D:11     | Noticed a cyclops
  9508 | D:11     | Found a staircase to the Orcish Mines.
  9509 | D:11     | Noticed a manticore
  9509 | D:11     | Noticed a green ugly thing
  9843 | D:11     | Reached XP level 11. HP: 43/51 MP: 15/15
 10098 | D:11     | Reached skill level 11 in Unarmed Combat
 10136 | D:11     | Killed a green ugly thing
 10136 | D:11     | Reached skill level 5 in Evocations
 10592 | Lair:1   | Entered Level 1 of the Lair of Beasts
 10801 | Lair:1   | Found a runed translucent gate.
 11209 | Lair:1   | Found a runed translucent gate.
 11209 | Lair:1   | Found a runed translucent gate.
 11209 | Lair:1   | Noticed Mokkuy's ghost (journeyman HuWn)
 11210 | Lair:1   | Noticed Ceckukk's ghost (journeyman GrEE)
 11296 | Lair:1   | Found a dark tunnel.
 11887 | Lair:2   | Found a staircase to the Swamp.
 12450 | Lair:3   | Noticed an oklob plant
 12457 | Lair:3   | Reached skill level 12 in Unarmed Combat
 12540 | Lair:3   | Impaled on a porcupine's spines
 12541 | Lair:3   | Reached XP level 10. HP: 1/49 MP: 15/15
 12595 | Lair:3   | Found a hole to the Spider Nest.
 12601 | Lair:3   | Reached XP level 11. HP: 32/53 MP: 16/16
 13170 | Lair:3   | Noticed an eight-headed hydra
 13178 | Lair:3   | Killed an eight-headed hydra
 13431 | Lair:4   | Found a radiant altar of Vehumet.
 13861 | Lair:4   | Noticed Rupert
 13880 | Lair:4   | Killed Rupert
 14029 | Lair:4   | Reached skill level 13 in Unarmed Combat
 14270 | Lair:4   | Gained mutation: Your thick and shaggy fur keeps you warm.
                  | (AC +3, rC+) [Felid growth]
 14270 | Lair:4   | Reached XP level 12. HP: 58/58 MP: 18/18
 14369 | Lair:4   | Noticed a six-headed hydra
 14376 | Lair:4   | Killed a six-headed hydra
 14650 | Lair:5   | Reached skill level 10 in Fighting
 14686 | Lair:5   | Noticed Sonja
 14691 | Lair:5   | Killed Sonja
 14804 | Lair:5   | Noticed Josephine
 15234 | Lair:5   | Found a hazy altar of Hepliaklqana.
 15472 | Lair:5   | Found a hazy altar of Hepliaklqana.
 15684 | Lair:5   | Killed Josephine
 16139 | Lair:6   | Entered Level 6 of the Lair of Beasts
 16171 | Lair:6   | Noticed a catoblepas
 16320 | Lair:6   | Killed a catoblepas
 16465 | Lair:6   | Upgraded the game from 0.24.0-3-g28a8eb0610 to
                  | 0.24.0-7-gb3623d2c88
 16887 | Lair:6   | Reached XP level 13. HP: 54/62 MP: 20/20
 17022 | Lair:6   | Reached skill level 14 in Unarmed Combat
 18796 | D:12     | Noticed Psyche
 18804 | D:12     | Killed Psyche
 18819 | D:12     | Reached ****** piety under Trog
 18915 | D:12     | Found Niagyerch's Food Shop.
 19133 | D:12     | Reached XP level 14. HP: 38/67 MP: 14/22
 19568 | D:13     | Reached skill level 15 in Unarmed Combat
 19587 | D:13     | Reached skill level 10 in Evocations
 19813 | D:13     | Noticed Maurice
 19824 | D:13     | Killed Maurice
 20257 | D:13     | Noticed Azrael
 20289 | D:13     | Killed Azrael
 20432 | D:13     | Reached skill level 15 in Stealth
 21260 | D:14     | Found a gate to the Vaults.
 21297 | D:14     | Found a shimmering blue altar of Sif Muna.
 21297 | D:14     | Found a burning altar of Makhleb.
 21298 | D:14     | Noticed a sphinx
 21308 | D:14     | Noticed a tengu reaver
 21339 | D:14     | Slain by a tengu reaver
 21340 | D:14     | Reached XP level 13. HP: -3/96 MP: 0/21
 21742 | D:14     | Killed a tengu reaver
 21926 | D:14     | Killed a sphinx
 21998 | D:14     | Reached XP level 14. HP: 58/68 MP: 17/22
 22055 | D:14     | HP: 1/102 [slime creature (12)]
 22058 | D:14     | Mangled by a large slime creature
 22059 | D:14     | Reached XP level 13. HP: -8/96 MP: 0/21
 22262 | D:14     | Reached skill level 15 in Dodging
 22262 | D:14     | Reached skill level 16 in Unarmed Combat
 22719 | D:14     | Found a basalt altar of Yredelemnul.
 23442 | D:14     | Found a shimmering blue altar of Sif Muna.
 23447 | D:14     | Found a gate to the Vaults.
 23505 | D:14     | Found a burning altar of Makhleb.
 23604 | D:14     | Found a basalt altar of Yredelemnul.
 23974 | D:15     | Entered Level 15 of the Dungeon
 24368 | D:15     | Slain by a very large slime creature

Levels and vault maps discovered:
D:1:      dpeg_arrival_windows_large_door, layout_loops_corners
D:2:      layout_rooms, first_ration
D:3:      kennysheep_big_flooded_room, layout_loops_ring, uniq_jessica,
          uniq_natasha, uniq_ijyb
D:4:      layout_rooms
D:5:      layout_rooms, grunt_gozag_statues, kennysheep_pointless_box,
          uniq_sigmund
D:6:      layout_basic, minmay_misc_feat_encased
D:7:      layout_basic, minmay_temple_entry_statues_fountains, tgw_trog
D:8:      layout_basic, gammafunk_ghost_mausoleum, the_bakery,
          minmay_misc_feat_enclosed
D:9:      layout_stronghold, lair_entry_dummy, serial_shops, shop,
          makhleb_altar_promises_db
D:10:     layout_stronghold, gammafunk_ghost_necromancy, minivault_11,
          uniq_joseph
D:11:     layout_loops_ring, minmay_orc_entry_guard_dogs, minmay_misc_feat_five,
          chequers_big_river
D:12:     layout_rooms, serial_shops, nicolae_shop_stone, uniq_psyche
D:13:     layout_irregular_city, minmay_the_grid_2x2 [minmay_the_grid_plusring,
          minmay_the_grid_paths, minmay_the_grid_fan,
          minmay_the_grid_prize_inner_circle], uniq_maurice, uniq_azrael
D:14:     layout_basic, lightli_vaults_fourway_checkpoint,
          lemuel_mausoleum_altar_yredelemnul, minmay_strange_pillars,
          jmf_multi_god_temple
D:15:     gammafunk_enter_depths_forms, layout_long_grid,
          minmay_guarded_unrand_wrath_of_trog
Temple:   kilobyte_greek_temple
Lair:1:   layout_regular_city, gammafunk_ghost_cemetery, enter_volcano_2,
          chequers_serial_rivers_micro_d, st_stairs_8
Lair:2:   layout_small_grid, swamp_mist
Lair:3:   layout_cave_pods, spider_nest_entry_webs, minmay_lair_oklob_chamber
Lair:4:   layout_small_grid, basic_altar, minmay_lair_drake_nest, uniq_rupert
Lair:5:   layout_roguey, basic_altar, minmay_lair_oklob_bushes, uniq_josephine,
          uniq_sonja
Lair:6:   evil_forest, layout_long_grid, minmay_slime_entry_oklob_enclosed,
          grunt_megastairs_4

Skill      XL: |  1  2  3  4  5  6  7  8  9 10 11 12 13 14 |
---------------+-------------------------------------------+-----
Stealth        | 1 2 3 4 5 7 8 10 12 13 14 15 | 15.8
Unarmed Combat | 4 5 6 8 9 10 13 16 15 | 16.2
Dodging        | 5 6 8 9 10 12 13 15 14 | 15.2
Fighting       | 4 5 6 7 8 9 10 12 | 12.1
Evocations     | 2 4 7 8 9 10 | 10.1

Action                   |  1- 3 |  4- 6 |  7- 9 | 10-12 | 13-15 || total
-------------------------+-------+-------+-------+-------+-------++-------
Melee: Unarmed           |    53 |   173 |   259 |   831 |   844 ||  2160
       Bite              |     5 |    20 |    15 |   107 |   135 ||   282
       Punch             |     2 |     5 |    10 |    62 |    62 ||   141
Invok: Berserk           |     1 |     5 |     3 |    14 |    11 ||    34
       Trog's Hand       |       |     2 |     2 |     5 |     2 ||    11
  Use: Scroll            |     4 |       |    12 |    10 |     5 ||    31
       Potion            |       |       |       |     1 |     1 ||     2
 Stab: Sleeping          |     7 |     5 |    21 |    41 |    48 ||   122
       Distracted        |       |       |       |     2 |     2 ||     4
       Petrified         |       |       |       |     2 |       ||     2
       Petrifying        |       |       |       |     1 |       ||     1
  Eat: Chunk             |     8 |    10 |    18 |    39 |    37 ||   112
Armor: Skin              |     2 |     3 |     9 |    35 |    41 ||    90
Dodge: Dodged            |    35 |   100 |   189 |   883 |   649 ||  1856
